 Dungeon Crawl Stone Soup version 0.15-a0-1880-g53e602b (console) character file.

42 MrRokkomies the Grasshopper (level 3, -12/32 HPs)
             Began as a Naga Warper on July 5, 2014.
             Mangled by a gnoll
             ... wielding a +0 halberd
              (14 damage)
             ... on Level 1 of the Dungeon.
             The game lasted 00:05:43 (1260 turns).

MrRokkomies the Grasshopper (Naga Warper)           Turns: 1260, Time: 00:05:43

HP -12/32        AC  2     Str 13      XL: 3   Next: 56%
MP   3/6         EV  9     Int 14      God:
Gold 32          SH  0     Dex 10      Spells:  3 memorised,  1 level left

rFire  x . .     SeeInvis +     k - +1 dagger (freeze)
rCold  + . .     Clarity  .     b - +0 leather armour
rNeg   . . .     rCorr    .     (no shield)
rPois  +         rRot     .     (no helmet)
rElec  .         Spirit   .     (no cloak)
SustAb .         Warding  .     (no gloves)
rMut   .         Stasis   .     (no barding)
Gourm  .                        (no amulet)
MR     .....                    (no ring)
                                m - ring of ice

@: short of breath, very slightly contaminated, very slow, not resistant to
hostile enchantments, very unstealthy
A: spit poison, see invisible, deformed body, poison resistance, slowness 2, AC
+1
a: Spit Poison


You were on level 1 of the Dungeon.
You were hungry.

You visited 1 branch of the dungeon, and saw 2 of its levels.

You collected 32 gold pieces.

Inventory:

Hand weapons
 a - a +1 falchion
 k - a +1 dagger of freezing (weapon)
Armour
 b - a +0 leather armour (worn)
Comestibles
 f - 2 bread rations
 g - 3 rotting chunks of gnoll flesh
Jewellery
 m - a ring of ice (left hand)
Potions
 l - a potion of flight
Books
 c - a book of Spatial Translocations

   Spells                             Type                      Level
   *Apportation                       Translocation                1
   *Blink                             Translocation                2
   *Shroud of Golubria                Charms/Translocation         2
   Portal Projectile                  Translocation                3
   Teleport Other                     Translocation                3
   Passage of Golubria                Translocation                4


   Skills:
 - Level 2.0 Fighting
 - Level 2.0 Long Blades
 * Level 1.9 Throwing
 - Level 0.7 Armour
 - Level 1.5 Dodging
 - Level 2.0 Spellcasting
 + Level 4.0 Translocations


You had one spell level left.
You knew the following spells:

 Your Spells              Type           Power        Failure   Level  Hunger
a - Apportation           Tloc           ##........   4%          1    ##.....
b - Blink                 Tloc           N/A          10%         2    ###....
c - Shroud of Golubria    Chrm/Tloc      #.........   17%         2    ###....


Dungeon Overview and Level Annotations

Branches:
Dungeon (2/15)

Altars:


Innate Abilities, Weirdness & Mutations

You cannot wear boots.
You can spit poison.
Your serpentine skin is tough (AC +1).
You have supernaturally acute eyesight.
Armour fits poorly on your strangely shaped body.
Your system is resistant to poisons.
You cover ground very slowly.


Message History

Aim: a gnoll, wielding a halberd (almost dead, poisoned)
You throw a tomahawk. The tomahawk barely misses the gnoll.
The tomahawk hits the gnoll.
The gnoll is severely wounded.
You smell something rotten. (slot g) Throwing (i - inventory):
e - 2 tomahawks (quivered)
Press: ? - help, Shift-Dir - straight line, f/p - gnoll
Aim: a gnoll, wielding a halberd (almost dead, poisoned)
You throw a tomahawk. The tomahawk closely misses the gnoll.
The tomahawk hits the gnoll but does no damage.
The gnoll is severely wounded.
Throwing (i - inventory):
e - a tomahawk (quivered)
Press: ? - help, Shift-Dir - straight line, f/p - gnoll
Aim: a gnoll, wielding a halberd (almost dead, poisoned)
You throw a tomahawk. The tomahawk closely misses the gnoll.
The tomahawk hits the gnoll!
You kill the gnoll!
Your Translocations skill increases to level 4!
The gnoll hits you from afar with a halberd!
You die...

...####..##.# #...## #. ####
#...#.# ###..# ## #######...#.#
#..# ..........#.# ### #..# #
...####...#.# ##.## #..# ##
##...###.##.# #...# #..###.
###..#####.# #...# #......
#####.#####.####...########......
................@.g.((.((.gg.(###
######.............########)### #
...#############...# #>## #
....## #...# #g)## .....# #...#
##..# .....# ##.## ##.#
.....########################.#
.............[................#
.....##########################


You could see a gnoll.

Vanquished Creatures
  2 gnolls (D:1)
  An ooze (D:1)
  A giant cockroach (D:1)
  4 hobgoblins (D:1)
  3 jackals (D:1)
  2 bats (D:1)
  4 goblins (D:1)
  2 kobolds (D:1)
  2 rats (D:1)
21 creatures vanquished.

Vanquished Creatures (others)
  A hobgoblin (D:2)
1 creature vanquished.

Grand Total: 22 creatures vanquished

Notes
Turn   | Place    | Note
--------------------------------------------------------------
     0 | D:1      | MrRokkomies, the Naga Warper, began the quest for the Orb.
     0 | D:1      | Reached XP level 1. HP: 19/19 MP: 3/3
    55 | D:1      | Reached skill level 1 in Throwing
   185 | D:1      | Reached XP level 2. HP: 10/26 MP: 4/4
   234 | D:1      | Learned a level 2 spell: Blink
   237 | D:1      | Learned a level 2 spell: Shroud of Golubria
  1045 | D:1      | Reached XP level 3. HP: 12/32 MP: 6/6
  1260 | D:1      | Reached skill level 4 in Translocations
  1260 | D:1      | Mangled by a gnoll

Action                   || total
-------------------------++-------
Melee: Falchion          ||    25
       Dagger            ||    21
Throw: Tomahawk          ||    25
       Javelin           ||    10
 Cast: Shroud of Golubri ||     2
       Blink             ||     1
 Abil: Spit Poison       ||     7
  Use: Scroll            ||     4
